 Dungeon Crawl Stone Soup version 0.29.1-15-g9cfb28693d (webtiles) character file.

Game seed: 17747103503385771400

13 KittyFluff the Trooper (level 2, 0/19 HPs)
             Began as a Gargoyle Berserker on Apr 9, 2023.
             Was a Follower of Trog.
             Slain by a dart slug (2 damage)
             ... on level 1 of the Dungeon.
             The game lasted 00:00:56 (99 turns).

KittyFluff the Trooper (Gargoyle Berserker)           Turns: 99, Time: 00:00:56

Health: 0/19       AC:  5    Str: 20    XL:     2   Next: 37%
Magic:  2/2        EV: 11    Int:  7    God:    Trog [*.....]
Gold:   7          SH:  0    Dex:  9    Spells: 1/1 levels left

rFire   . . .      SeeInvis .   a - +0 mace
rCold   . . .      Faith    .   (no shield)
rNeg    + . .      Spirit   .   b - +0 animal skin
rPois   ∞          Reflect  .   (no helmet)
rElec   +          Harm     .   (no cloak)
rCorr   .          Rampage  .   (no gloves)
Will    .....                   (no boots)
Stlth   +.........              (no amulet)
HPRegen 0.06/turn               (no ring)
MPRegen 0.08/turn               (no ring)

@: no status effects
A: sickness immunity, AC +2, negative energy resistance 1, electricity
resistance, torment resistance 1, petrification resistance
a: Renounce Religion, Berserk


You were on level 1 of the Dungeon.
You worshipped Trog.
Trog was aware of your devotion.
You visited 1 branch of the dungeon, and saw 1 of its levels.

You collected 7 gold pieces.

Inventory:

Hand Weapons
 a - a +0 mace (weapon)
Armour
 b - a +0 animal skin (worn)
Potions
 c - a potion of lignification {unknown}


   Skills:
 + Level 3.6 Fighting
 + Level 3.2 Maces & Flails
 * Level 2.4 Armour
 + Level 1.6 Dodging


You had one spell level left.
You didn't know any spells.
Your spell library was empty.

Dungeon Overview and Level Annotations

Branches:
Dungeon (1/15)

Altars:


Innate Abilities, Weirdness & Mutations

You are immune to sickness and miasma.
Your stone body is resilient. (AC +2)
You are immune to poison.
You resist negative energy. (rN+)
You are resistant to electric shocks. (rElec)
You are resistant to unholy torment.
You are immune to petrification.


Message History

Things that are here:
a +0 club; a ball python corpse A dart slug is nearby!
The dart slug bites the plant.
The plant begins to die.
You see here a puce potion.
c - a puce potion The dart slug bites the plant.
The dart slug bites the plant.
The plant begins to die.
A nearby plant withers and dies.
The endoplasm quivers.
The dart slug launches a dart at you. The slug dart hits you.
The endoplasm freezes you.
You are frozen.
You hit the dart slug.
The dart slug is severely wounded.
A nearby plant withers and dies.
The endoplasm barely misses you. The dart slug launches a dart at you.
The slug dart hits you but does no damage.
You hit the dart slug but do no damage.
The dart slug is severely wounded.
The endoplasm freezes you.
You are frozen.
* * * LOW HITPOINT WARNING * * *
The dart slug bites you but does no damage.
The endoplasm freezes you.
You are frozen.
* * * LOW HITPOINT WARNING * * *
You barely miss the endoplasm. The dart slug barely misses you.
The endoplasm hits you but does no damage.
You hit the endoplasm.
You kill the endoplasm!
Trog accepts your kill. The dart slug barely misses you.
You completely miss the dart slug.
The dart slug is severely wounded.
You barely miss the dart slug.
The dart slug is severely wounded.
The dart slug bites you.
You die...

#...P.PP.PP.PP.PP.P#
#######...)†).PP.P.PP.P.P#
.....#......P†P.PPP.P.PP†..PP.P.PP.P.P#
#####..##..P.PP.PP.PP.PP.P#
...........P..PP.P.P.PP.PP#.#
.#........P..P....P.P.PP..#
#...........w....PPP..PPP###
###.......P@.PP.....PPPPP#
###.##......PP.P.PPPPPPr.. #.
#.#....PPP..PPPPPP... #.
#.##..#####.$........ .. #.##..#
###........ .. ..##... .......[. ..
#.##. ......[.. ... ...#(##


You could see a dart slug.

Vanquished Creatures
  2 endoplasms (D:1)
  2 goblins (D:1)
  A hobgoblin (D:1)
  2 jackals (D:1)
  A quokka (D:1)
  2 ball pythons (D:1)
10 creatures vanquished.

Vanquished Creatures (others)
  47 plants (D:1)
47 creatures vanquished.

Grand Total: 57 creatures vanquished

Notes
Turn   | Place    | Note
-------+----------+-------------------------------------------
     0 | D:1      | KittyFluff the Gargoyle Berserker began the quest for the
                  | Orb.
     0 | D:1      | Reached XP level 1. HP: 14/14 MP: 1/1
    40 | D:1      | Reached XP level 2. HP: 9/19 MP: 2/2
    99 | D:1      | Slain by a dart slug

Illustrated notes

Levels and vault maps discovered:
D:1:      roderic_crop_circles_arrival_small, layout_rooms, minmay_3d_cube

Action                   || total
-------------------------++-------
Melee: Mace              ||    20
Armor: Animal skin       ||     8
Dodge: Dodged            ||    10
